 Dungeon Crawl Stone Soup version 0.14-a0-1721-g84c87b2 (webtiles) character file.

205 Moondog the Magician (level 4, -1/27 HPs)
             Began as a High Elf Wizard on Jan 2, 2014.
             Engulfed by their own noxious fumes (2 damage)
             ... on Level 3 of the Dungeon.
             The game lasted 00:12:35 (2597 turns).

Moondog the Magician (High Elf Wizard)              Turns: 2597, Time: 00:12:35

HP  -1/27        AC  2     Str  7      XL: 4   Next: 72%
MP   4/14        EV 12     Int 21      God:
Gold 87          SH  0     Dex 14      Spells:  3 memorised,  5 levels left

rFire  . . .     SeeInvis .     n - +0,+1 dwarf hand axe
rCold  . . .     Clarity  .     a - +0 elf robe
rNeg   . . .     Conserve .     (no shield)
rPois  .         rCorr    .     b - +0 elf wizard hat
rElec  .         rRot     .     (no cloak)
SustAb . .       Spirit   .     (no gloves)
rMut   .         Warding  .     (no boots)
Saprov . . .     Stasis   .     (no amulet)
                                (no ring)
                                (no ring)

@: confused, slightly resistant to hostile enchantments, very unstealthy
A: no striking features
a: no special abilities


You were on level 3 of the Dungeon.
You were hungry.

You visited 1 branch of the dungeon, and saw 3 of its levels.

You collected 87 gold pieces.

Inventory:

Hand weapons
 n - a +0,+1 dwarven hand axe (weapon)
Missiles
 j - 24 darts (quivered)
Armour
 a - a +0 elven robe (worn)
 b - a +0 elven wizard hat (worn)
Comestibles
 d - 2 bread rations
 h - 2 meat rations
 w - a chunk of orc flesh
Scrolls
 f - a scroll of enchant weapon I {unknown}
 g - 4 scrolls of enchant weapon II {unknown}
 i - 2 scrolls of amnesia {unknown}
 l - a scroll of remove curse {unknown}
 m - a scroll of fog {unknown}
 o - a scroll of enchant armour {unknown}
 p - a scroll of recharging {unknown}
 q - 3 scrolls of identify {unknown}
 s - a scroll of random uselessness {unknown}
 t - a scroll of immolation {unknown}
 u - 2 scrolls of fear {unknown}
 v - 2 scrolls of teleportation {unknown}
Potions
 e - 2 potions of curing {unknown}
 k - a potion of heal wounds {unknown}
 r - a potion of agility {unknown}
Books
 c - a book of Minor Magic

   Spells                             Type                      Level
   *Magic Dart                        Conjuration                  1
   *Blink                             Translocation                2
   Call Imp                           Summoning                    2
   Repel Missiles                     Charms/Air                   2
   Slow                               Hexes                        2
   Conjure Flame                      Conjuration/Fire             3
   *Mephitic Cloud                    Conjuration/Poison/Air       3


   Skills:
 - Level 2.1 Dodging
 - Level 2.1 Stealth
 - Level 4.0 Spellcasting
 - Level 2.9 Conjurations
   Level 0.8 Summonings
 - Level 1.1 Translocations
 + Level 3.2 Air Magic
 - Level 1.1 Poison Magic


You had 5 spell levels left.
You knew the following spells:

 Your Spells              Type           Power        Failure   Level  Hunger
a - Magic Dart            Conj           ###.         4%          1    None
s - Mephitic Cloud        Conj/Pois/Air  ##......     17%         3    ###....
z - Blink                 Tloc           N/A          12%         2    #......


Dungeon Overview and Level Annotations

Branches:
Dungeon (3/16)

Altars:
Ashenzari


Message History

* * * LOW HITPOINT WARNING * * *
Casting: Magic Dart
Confirm with . or Enter, or press ? or * to list all spells.
Aiming: Mephitic Cloud
Press: ? - help, Shift-Dir - straight line, f/p - centaur
Aim: a centaur (moderately wounded) That beam is likely to hit you.
Continue anyway?
The beam explodes into a vile cloud!
The stinking cloud engulfs the centaur.
The centaur is moderately wounded.
The stinking cloud engulfs you!
You are engulfed in noxious fumes.
You choke on the stench!
You are confused.
The centaur is engulfed in noxious fumes.
The centaur appears confused.
Ouch! You are engulfed in noxious fumes.
The centaur is engulfed in noxious fumes.
The centaur appears confused.
The centaur is engulfed in noxious fumes.
Ouch! You are engulfed in noxious fumes.
You die...

..>.########......###
..................#
....########......# ....#
#.###### ....# #.# #####
#.##### #.....# #.....# .
#..c.@# .c.
############...§§######......
...............§.§..(..c...?.
......<%..%......######......
############.....# ###
#.....# #######


You could see a centaur (confused).

Vanquished Creatures
  An iguana (D:3)
  2 adders (D:3)
  A giant mite (D:1)
  An inept item mimic (D:2)
  An ooze (D:1)
  6 orcs (D:3)
  A ball python (D:1)
  2 giant cockroaches
  6 hobgoblins
  2 kobolds (D:1)
  A quokka (D:2)
  4 bats
  5 goblins
  19 rats
52 creatures vanquished.

Vanquished Creatures (others)
  A fungus (D:2)
1 creature vanquished.

Grand Total: 53 creatures vanquished

Notes
Turn   | Place    | Note
--------------------------------------------------------------
     0 | D:1      | Moondog, the High Elf Wizard, began the quest for the Orb.
     0 | D:1      | Reached XP level 1. HP: 11/11 MP: 5/5
   321 | D:1      | Reached XP level 2. HP: 17/17 MP: 5/7
   573 | D:1      | Learned a level 2 spell: Blink
   873 | D:1      | Reached skill level 4 in Spellcasting
   873 | D:1      | Reached XP level 3. HP: 21/21 MP: 1/11
  1073 | D:1      | Learned a level 3 spell: Mephitic Cloud
  1300 | D:2      | Found a shattered altar of Ashenzari.
  1305 | D:2      | Saw a vision of the Swamp and the Snake Pit.
  1305 | D:2      | Noticed a naga
  1305 | D:2      | Noticed a black mamba
  1305 | D:2      | Noticed a water moccasin
  1305 | D:2      | Noticed a giant slug
  1305 | D:2      | Noticed a water moccasin
  1306 | D:2      | Noticed a black mamba
  1309 | D:2      | Noticed a water moccasin
  1309 | D:2      | Noticed a black mamba
  1581 | D:2      | Reached skill level 1 in Air Magic
  2011 | D:3      | Reached skill level 1 in Poison Magic
  2239 | D:3      | Reached XP level 4. HP: 27/27 MP: 5/14
  2580 | D:3      | Noticed a centaur
  2594 | D:3      | HP: 1/27 [centaur (5)]
  2597 | D:3      | Engulfed by their own noxious fumes

Action                   |  1- 3 |  4- 6 || total
-------------------------+-------+-------++-------
Melee: Hand axe          |     4 |       ||     4
 Cast: Magic Dart        |    93 |    26 ||   119
       Mephitic Cloud    |     1 |     2 ||     3
